 Dungeon Crawl Stone Soup version 0.28-a0-957-g42eb19b844 (webtiles) character file.

Game seed: 5440615486799833456

497 bearlyready the Conjurer (level 6, -1/32 HPs)
             Began as a Deep Elf Conjurer on Nov 30, 2021.
             Was an Initiate of Gozag.
             Slain by Pikel (11 damage)
             ... on level 6 of the Dungeon.
             The game lasted 00:07:23 (5212 turns).

bearlyready the Conjurer (Deep Elf Conjurer)        Turns: 5212, Time: 00:07:24

Health: -1/32      AC:  3    Str:  4    XL:     6   Next: 93%
Magic:  9/21       EV: 12    Int: 25    God:    Gozag
Gold:   340        SH:  4    Dex: 13    Spells: 3/11 levels left

rFire   + . .      SeeInvis .   v - +8 rapier "Huliph" {drain, rPois rF+}
rCold   . . .      Faith    .   p - +0 buckler
rNeg    . . .      Spirit   .   a - +0 robe
rPois   +          Reflect  .   m - +0 helmet
rElec   .          Harm     .   d - scarf {shadows}
rCorr   .          Rampage  .   (no gloves)
Will    .....                   (no boots)
Stlth   ++........              (no amulet)
HPRegen 0.10/turn               x - ring of magical power
MPRegen 0.17/turn               (no ring)

@: no status effects
A: no striking features
a: Renounce Religion, Potion Petition, Call Merchant, Bribe Branch


You were on level 6 of the Dungeon.
You worshipped Gozag.
Gozag was aware of your devotion.
You visited 2 branches of the dungeon, and saw 7 of its levels.

You collected 419 gold pieces.
You paid 79 gold pieces to Gozag.

Inventory:

Hand Weapons
 v - the +8 rapier "Huliph" (weapon) {drain, rPois rF+}
   (You found it on level 6 of the Dungeon)

   A truly terrible weapon, it drains the life of any living foe it strikes.
   rF:        It protects you from fire.
   rPois:     It protects you from poison.
Missiles
 q - 10 poisoned darts
Armour
 a - a +0 robe (worn)
 d - a scarf of shadows (worn)
 m - a +0 helmet (worn)
 p - a +0 buckler (worn)
Jewellery
 x - a ring of magical power (left hand)
Wands
 t - a wand of paralysis (8)
Scrolls
 b - a scroll of torment {unknown}
 h - a scroll of fog {unknown}
 k - a scroll of fear {unknown}
 l - a scroll of blinking {unknown}
 n - a scroll of noise {unknown}
 o - a scroll of enchant armour {unknown}
 r - a scroll of summoning {unknown}
 s - a scroll of vulnerability {unknown}
Potions
 c - 3 potions of haste {unknown}
 e - 3 potions of ambrosia {unknown}
 f - 2 potions of might {unknown}
 g - a potion of attraction {unknown}
 i - a potion of brilliance {unknown}
 j - 3 potions of flight {unknown}
 u - a potion of curing {unknown}
 w - 2 potions of resistance {unknown}


   Skills:
 - Level 2.4 Dodging
 - Level 2.4 Stealth
 + Level 2.3 Shields
 - Level 3.0 Spellcasting
 + Level 6.8 Conjurations
 + Level 4.1 Hexes
 + Level 3.1 Fire Magic


You had 3 spell levels left.
You knew the following spells:

 Your Spells              Type           Power      Damage    Failure   Level
a - Foxfire               Conj/Fire      100%       2x1d9     1%          1
b - Searing Ray           Conj           74%        2d7       1%          2
c - Dazzling Flash        Conj/Hex       62%        N/A       4%          3
d - Slow                  Hex            96%        N/A       2%          1
e - Magic Dart            Conj           100%       1d8       1%          1

Your spell library contained the following spells:

 Spells                   Type           Power      Damage    Failure   Level
 Conjure Flame            Conj/Fire      28%        6-21      4%          3
 Confusing Touch          Hex            24%        N/A       7%          3
 Inner Flame              Hex/Fire       21%        N/A       9%          3
 Animate Skeleton         Necr           6%         N/A       12%         1
 Apportation              Tloc           6%         N/A       12%         1
 Sandblast                Erth           6%         2d5       12%         1
 Corpse Rot               Necr/Air       6%         N/A       19%         2
 Poisonous Vapours        Pois/Air       6%         N/A       19%         2
 Vampiric Draining        Necr           3%         2d6       36%         3
 Fulminant Prism          Conj/Hex       15%        3d11      13%         4
 Flame Wave               Conj/Fire      28%        2d6       16%         4
 Iskenderun's Mystic Bla  Conj/Tloc      20%        2d6       30%         4
 Alistair's Intoxication  Tmut/Pois      2%         N/A       98%         5


Dungeon Overview and Level Annotations

Branches:
Dungeon (6/15)             Temple (1/1) D:4

Altars:
Ashenzari
Cheibriados
Elyvilon
Fedhas
Gozag
Hepliaklqana
Nemelex Xobeh
Okawaru
Ru
Sif Muna
Uskayaw
Wu Jian
Yredelemnul
Zin
The Shining One

Shops:
D:4 *

Annotations:
D:6 Pikel


Message History

Casting: Searing Ray (safe; 1% risk of failure)
Confirm with . or Enter, or press ? or * to list all spells.
Aiming: Searing Ray (safe; 1% risk of failure)
Press: ? - help, Shift-Dir - straight line, f/p - Pikel
Aim: Pikel, wielding a +2 whip of freezing and wearing a +0 robe (heavily wounded, 76% to hit)
The searing ray hits Pikel.
Pikel is heavily wounded.
The searing ray hits the lemure.
The lemure is heavily wounded. (Press . to maintain the ray.) Pikel hits you with a +2 whip of freezing.
Pikel freezes you.
The searing ray hits Pikel!
Pikel is severely wounded.
The searing ray hits the lemure.
The lemure is severely wounded.
You block Pikel's attack.
The searing ray hits Pikel.
Pikel is severely wounded.
The searing ray hits the lemure.
The lemure is almost dead.
Pikel hits you with a +2 whip of freezing!
Pikel freezes you.
The searing ray misses Pikel.
The searing ray hits the lemure!
You kill the lemure!
That felt strangely unrewarding.
You finish channelling your searing ray.
Pikel says, "You'll feel the lick of my whip!"
Pikel closely misses you.
Casting: Searing Ray (safe; 1% risk of failure)
Confirm with . or Enter, or press ? or * to list all spells.
Aiming: Searing Ray (safe; 1% risk of failure)
Press: ? - help, Shift-Dir - straight line, f/p - Pikel
Aim: Pikel, wielding a +2 whip of freezing and wearing a +0 robe (severely wounded, 76% to hit)
The searing ray hits Pikel.
Pikel is almost dead. (Press . to maintain the ray.) Pikel hits you with a +2 whip of freezing!
You die...
Your body crumbles into a pile of gold.

#......######.(....#
#..................#
#######....#####........
#.......................
#.......................
#.......................
#...........##.#.####...
#...........##.#.####...
###...........##@#.....###
#.............##K#.....# .#
#.............##.#<....###.#
#.............##...........#
..............##.............
..............##.............
.....(..)...................>
..............#....##........
##...###.#...................


You could see Pikel.

Vanquished Creatures
  An ice beast (D:6)
  2 ogres
  A lemure (D:6)
  2 hounds (D:6)
  An iguana (D:5)
  A scorpion zombie (D:5)
  A hound zombie (D:5)
  A hound skeleton (D:5)
  A howler monkey zombie (D:6)
  2 adders (D:6)
  3 adder skeletons (D:4)
  A worm (D:3)
  A dart slug (D:1)
  3 orcs
  3 ball pythons
  6 bats
  4 endoplasms
  6 giant cockroaches
  3 goblins
  5 hobgoblins
  3 jackals (D:2)
  6 kobolds
  A quokka (D:2)
  2 frilled lizards
  6 rats
66 creatures vanquished.

Vanquished Creatures (others)
  129 foxfires
129 creatures vanquished.

Grand Total: 195 creatures vanquished

Notes
Turn   | Place    | Note
-------+----------+-------------------------------------------
     0 | D:1      | bearlyready the Deep Elf Conjurer began the quest for the
                  | Orb.
     0 | D:1      | Reached XP level 1. HP: 10/10 MP: 6/6
   289 | D:1      | Reached XP level 2. HP: 15/15 MP: 5/8
   365 | D:1      | Reached skill level 5 in Conjurations
   454 | D:1      | Found a faded altar of an unknown god.
  1517 | D:2      | Reached XP level 3. HP: 19/19 MP: 7/9
  1939 | D:3      | Found a blossoming altar of Fedhas.
  1962 | D:3      | Learned a level 2 spell: Searing Ray
  2036 | D:3      | Learned a level 3 spell: Dazzling Flash
  2038 | D:3      | Learned a level 1 spell: Slow
  2895 | D:3      | Reached skill level 1 in Hexes
  3285 | D:4      | Found Qanuy's Assorted Antiques.
  3501 | D:4      | Learned a level 1 spell: Foxfire
  3506 | D:4      | Reached XP level 4. HP: 24/24 MP: 6/10
  3655 | D:4      | Found a staircase to the Ecumenical Temple.
  3666 | Temple   | Entered the Ecumenical Temple
  3752 | Temple   | Became a worshipper of Gozag Ym Sagoz the Greedy
  3850 | D:4      | Got Quenotac's First Steps in the Arcane Arts
  3944 | D:4      | Noticed an ogre
  3956 | D:4      | Killed an ogre
  3957 | D:4      | Reached skill level 1 in Shields
  3957 | D:4      | Reached skill level 6 in Conjurations
  3957 | D:4      | Reached skill level 1 in Fire Magic
  3957 | D:4      | Reached XP level 5. HP: 28/28 MP: 4/11
  4302 | D:5      | Entered Level 5 of the Dungeon
  4643 | D:5      | Identified the +1 chain mail "Fezad" {rElec rN+}
  4701 | D:5      | Noticed a gargoyle
  4788 | D:6      | Reached XP level 6. HP: 32/32 MP: 8/12
  4880 | D:6      | Identified the +8 rapier "Huliph" {drain, rPois rF+}
  5071 | D:6      | Noticed an ice beast
  5090 | D:6      | Killed an ice beast
  5173 | D:6      | Noticed Pikel
  5212 | D:6      | Slain by Pikel

Illustrated notes

Levels and vault maps discovered:
D:1:      amcnicky_arrival_flooded_fountain, layout_loops_ring,
          hellmonk_ecumenical_altar_pennies_from_heaven, corexii_corridor_pit
D:2:      layout_loops_cross
D:3:      layout_loops_corners, fedhas_ov_isle_minmay, minmay_pentangle
D:4:      layout_gridville, minmay_temple_entry_grid, serial_shops, shop
D:5:      layout_loops_corners, serial_shops, nicolae_diamond_shop
D:6:      layout_basic, minitemple, nicolae_fountain_basement, uniq_pikel
Temple:   eino_temple_lava

Skill      XL: |  1  2  3  4  5  6 |
---------------+-------------------+-----
Conjurations   | 5 6 |  6.8
Hexes          | 1 2 3 4 |  4.1
Shields        | 1 2 |  2.3
Fire Magic     | 1 2 3 |  3.1
Dodging        | |  2.4
Stealth        | |  2.4
Spellcasting   | |  3.0

Action                   |  1- 3 |  4- 6 || total
-------------------------+-------+-------++-------
Melee: Unarmed           |    11 |     6 ||    17
       Rapier            |       |     2 ||     2
 Cast: Magic Dart        |    78 |       ||    78
       Searing Ray       |     5 |     4 ||     9
       Foxfire           |     1 |    72 ||    73
       Slow              |       |     1 ||     1
 Stab: Sleeping          |     1 |       ||     1
Armor: Robe              |     7 |     8 ||    15
Dodge: Dodged            |    22 |     9 ||    31
Block: Buckler           |       |     1 ||     1

Table legend: (Time is in decaauts)
 A = Elapsed time spent in this place.
 B = Non-inter-level travel time spent in this place.
 C = Inter-level travel time spent in this place.
 D = Time resting spent in this place.
 E = Time spent auto-exploring this place.
 F = Levels seen in this place.
 G = Mean time per level.
                   A        B        C        D        E       F      G
               +--------+--------+--------+--------+--------+-----+--------+
         Total |   5214 |   5047 |    167 |      0 |   4479 |   7 |  744.9 |
       Dungeon |   5118 |   4959 |    159 |      0 |   4421 |   6 |  853.0 |
        Temple |     95 |     87 |      8 |      0 |     58 |   1 |   95.0 |
               +--------+--------+--------+--------+--------+-----+--------+

Top non-repeatable levels by time:
     D:3: 1321 daAuts
     D:4: 1039 daAuts
     D:1: 982 daAuts
     D:2: 865 daAuts
     D:6: 492 daAuts
     D:5: 416 daAuts
  Temple: 95 daAuts
